[Event "World Junior U20 Open 2018"]
[Site "Gebze"]
[Date "2018.09.08"]
[Round "5.61"]
[White "Baylav, Can"]
[Black "Hollan, Martin"]
[Result "0-1"]
[ECO "C60"]
[WhiteElo "2026"]
[BlackElo "2336"]
[Annotator "NA"]
[PlyCount "102"]
[EventDate "2018.09.05"]
[EventType "swiss"]
[EventCountry "TUR"]
[SourceTitle "playchess.com"]
[Source "ChessBase"]
[SourceQuality "1"]
[TimeControl "40/5400+30:1800+30"]

1. e4 e5 2. Nf3 Nc6 3. Bb5 g6 4. O-O Bg7 5. c3 Nge7 6. d4 exd4 7. cxd4 a6 8. Ba4 b5 {[%emt 0:00:30] C60: Ruy Lopez: Unusual Black 3rd moves and 3...g6} 9. Bb3 d6 10. h3 O-O 11. Nc3 Na5 12. Bc2 c5 13. a3 {[%emt 0:07:30] [#]} (13. dxc5 dxc5 14. Qxd8 Rxd8 {0-1 (65) Vachier Lagrave,M (2789)-Mamedyarov,S (2808) Leuven 2018}) 13... h6 $146 ({Predecessor:} 13... cxd4 14. Nxd4 Bb7 15. Bg5 h6 16. Bh4 {1-0 (50) Alekseenko,K (2367)-Stefansson,H (2531) Plovdiv 2012}) 14. Bf4 cxd4 15. Nxd4 Bb7 16. Rb1 Rc8 17. Qd3 Nc4 18. Rfe1 Qb6 19. Nde2 Rfd8 20. Bb3 d5 21. exd5 Nxd5 22. Nxd5 Bxd5 23. Bxc4 Bxc4 24. Qg3 Bd3 25. Rbc1 Bxe2 26. Rxc8 Rxc8 27. Rxe2 Qd4 28. Qe3 g5 29. Qxd4 Bxd4 30. Be3 Bxe3 31. fxe3 Kf8 32. Kf2 Ke7 33. e4 Ke6 34. Ke3 Rc1 35. Kd4 Rc4+ 36. Kd3 Ke5 37. Rf2 Rd4+ 38. Kc3 Rd7 39. Rf5+ Kxe4 40. Rf6 h5 41. Rxa6 Rd3+ 42. Kb4 Rd2 43. b3 Rxg2 44. Kxb5 Rg3 45. b4 Rxh3 46. Kc6 g4 47. Ra8 Rc3+ 48. Kd6 g3 49. a4 h4 50. Rg8 h3 51. b5 h2 0-1

[Event "World Junior U20 Open 2018"]
[Site "Gebze"]
[Date "2018.09.08"]
[Round "5.62"]
[White "Sevgi, Volkan"]
[Black "Rodrigue-Lemieux, Shawn"]
[Result "1-0"]
[ECO "A06"]
[WhiteElo "2323"]
[BlackElo "2250"]
[Annotator "NA"]
[PlyCount "95"]
[EventDate "2018.09.05"]
[EventType "swiss"]
[EventCountry "TUR"]
[SourceTitle "playchess.com"]
[Source "ChessBase"]
[SourceQuality "1"]
[TimeControl "40/5400+30:1800+30"]

1. Nf3 Nf6 2. g3 d5 3. Bg2 e6 4. O-O Be7 5. b3 O-O 6. Bb2 Nbd7 7. d3 Bd6 8. c4 c6 9. Nbd2 e5 10. cxd5 cxd5 11. e4 d4 12. Nc4 Bc7 13. Ba3 Re8 14. Nd6 Bxd6 15. Bxd6 Qb6 16. Ba3 Qa6 17. Bb2 Nc5 18. Nxe5 Rxe5 19. Bxd4 Ncd7 20. Bxe5 Nxe5 21. d4 Nc6 22. d5 Ne5 23. Qd4 Nfd7 24. f4 Ng6 25. Kh1 Qb6 26. Qd2 Nc5 27. Rac1 Bd7 28. b4 Na6 29. a3 Rd8 30. e5 Bf5 31. Qe2 Nc7 32. Qh5 Bd7 33. Rfe1 Ba4 34. f5 Nf8 35. e6 fxe6 36. fxe6 Ng6 37. Rf1 Be8 38. Qf5 Qd6 39. h4 Qxg3 40. Qf2 Qxf2 41. Rxf2 Nb5 42. Rcf1 h5 43. Be4 Nd6 44. Rf8+ Kh7 45. Bd3 Kh6 46. e7 Rc8 47. Rg1 Rc3 48. Rxg6+ 1-0

[Event "World Junior U20 Open 2018"]
[Site "Gebze"]
[Date "2018.09.08"]
[Round "5.63"]
[White "Nastase, Robert-Paul"]
[Black "Zrikem, Nassim"]
[Result "1-0"]
[ECO "C58"]
[WhiteElo "2313"]
[BlackElo "2066"]
[Annotator "NA"]
[PlyCount "98"]
[EventDate "2018.09.05"]
[EventType "swiss"]
[EventCountry "TUR"]
[SourceTitle "playchess.com"]
[Source "ChessBase"]
[SourceQuality "1"]
[TimeControl "40/5400+30:1800+30"]

1. e4 e5 2. Nf3 Nc6 3. Bc4 Nf6 4. Ng5 d5 5. exd5 Na5 6. Bb5+ c6 7. dxc6 bxc6 8. Bd3 Nd5 {[%emt 0:12:30] C58: Two Knights: 4 Ng5 d5 5 exd5 Na5 sidelines} 9. Nf3 Bd6 10. O-O O-O 11. Re1 Qc7 (11... f5 12. Nxe5 Qf6 13. Nf3 g5 14. g3 f4 15. Nc3 fxg3 16. hxg3 Nxc3 17. dxc3 {½-½ (52) Kovalev,V (2639)-Demchenko,A (2660) Riadh 2017}) 12. Bf1 Bg4 13. h3 Bh5 14. c4 Nf4 15. d3 Ne6 16. Be2 Rad8 $146 17. Qa4 f5 18. b4 e4 19. Ng5 Nxg5 20. Bxh5 $17 (20. Bxg5 $11 {keeps the balance.} Bxe2 21. Nc3 (21. Qxa5 Bh2+ 22. Kh1 Qxa5 $17) (21. Bxd8 Qxd8 22. Nd2 Be5 $17) 21... Bxd3 22. Bxd8 Rxd8 23. Qxa5) 20... Nf7 21. Bxf7+ Rxf7 22. Bb2 Bh2+ 23. Kh1 Be5 24. Bxe5 Qxe5 25. Qxa5 Qxa5 26. bxa5 Rxd3 27. Rc1 f4 28. Nc3 e3 29. fxe3 fxe3 30. Rab1 h6 31. Rb2 Re7 32. Re2 g5 33. Kg1 Kg7 34. Kf1 Re5 35. Nd1 Rd2 36. Ke1 Rxa5 37. Rc2 Rd3 38. Rxe3 Rd6 39. Nc3 Rd4 40. Re4 Rd3 41. Ke2 Rg3 42. Kf2 Rd3 43. Re3 Rd4 44. Ne2 Rd6 45. Ng3 Kg6 46. c5 Rf6+ 47. Rf3 Re6 48. Rd3 Kf7 49. Rd7+ Ke8 1-0

[Event "World Junior U20 Open 2018"]
[Site "Gebze"]
[Date "2018.09.08"]
[Round "5.64"]
[White "Zlatin, Alexander"]
[Black "Erdogan, Anil Berk"]
[Result "1-0"]
[ECO "C00"]
[WhiteElo "2312"]
[BlackElo "2083"]
[Annotator "ChessBase"]
[PlyCount "57"]
[EventDate "2018.09.05"]
[EventType "swiss"]
[EventCountry "TUR"]
[SourceTitle "playchess.com"]
[Source "ChessBase"]
[SourceQuality "1"]
[TimeControl "40/5400+30:1800+30"]

1. e4 e6 2. b3 d5 3. Bb2 dxe4 4. Nc3 f5 5. f3 Bd6 6. g3 exf3 7. Nxf3 Nf6 8. Bc4 O-O 9. Qe2 Re8 10. O-O-O Nc6 11. d4 Nb4 12. Rhe1 c6 13. Ne5 Nbd5 14. g4 Bxe5 15. dxe5 Nxg4 16. h3 Qg5+ 17. Kb1 Nge3 18. Qd2 h6 19. Nxd5 Nxd1 20. Nf6+ gxf6 21. Qxd1 Kf7 22. Rg1 Rd8 23. Qe1 Qf4 24. exf6 Rg8 25. Rxg8 Kxg8 26. Bxe6+ Kh7 27. Bg8+ Kg6 28. Qe8+ Kg5 29. Bc1 1-0

[Event "World Junior U20 Open 2018"]
[Site "Gebze"]
[Date "2018.09.08"]
[Round "5.65"]
[White "Suleymenov, Alisher"]
[Black "Ozturk, Efe Hakan"]
[Result "1/2-1/2"]
[ECO "D36"]
[WhiteElo "2307"]
[BlackElo "2065"]
[Annotator "ChessBase"]
[PlyCount "73"]
[EventDate "2018.09.05"]
[EventType "swiss"]
[EventCountry "TUR"]
[SourceTitle "playchess.com"]
[Source "ChessBase"]
[SourceQuality "1"]
[TimeControl "40/5400+30:1800+30"]

1. d4 d5 2. c4 e6 3. Nc3 Nf6 4. cxd5 exd5 5. Bg5 c6 6. e3 Be7 7. Bd3 Nbd7 8. Qc2 Nh5 9. Bxe7 Qxe7 10. Nge2 g6 11. g4 Ng7 12. O-O-O Nb6 13. h3 Bd7 14. Nf4 g5 15. Nfe2 h5 16. Ng3 O-O-O 17. Nf5 Nxf5 18. Bxf5 Bxf5 19. Qxf5+ Kb8 20. h4 Rdg8 21. gxh5 Rxh5 22. hxg5 Rhxg5 23. Qf4+ Qc7 24. Rh4 Nc4 25. Ne2 Qxf4 26. Rxf4 Nd6 27. Ng3 Rh8 28. Kd2 Rh2 29. Kd3 f5 30. Nf1 Rh1 31. Ke2 Rgg1 32. Rf3 Kc7 33. Rg3 Ne4 34. Rf3 Nd6 35. Rg3 Ne4 36. Rf3 Nd6 37. Rg3 1/2-1/2

[Event "World Junior U20 Open 2018"]
[Site "Gebze"]
[Date "2018.09.08"]
[Round "5.66"]
[White "Akin, Kadir"]
[Black "Milosevic, Milos"]
[Result "0-1"]
[ECO "C01"]
[WhiteElo "1974"]
[BlackElo "2292"]
[Annotator "ChessBase"]
[PlyCount "60"]
[EventDate "2018.09.05"]
[EventType "swiss"]
[EventCountry "TUR"]
[SourceTitle "playchess.com"]
[Source "ChessBase"]
[SourceQuality "1"]
[TimeControl "40/5400+30:1800+30"]

1. e4 e6 2. d4 d5 3. exd5 exd5 4. Bd3 Nf6 5. Nf3 Bd6 6. O-O O-O 7. Bg5 h6 8. Bh4 Be6 9. Re1 c5 10. dxc5 Bxc5 11. Nc3 Nc6 12. a3 a5 13. Qd2 Be7 14. Rad1 Rc8 15. Nb5 Qb6 16. Qf4 Nh5 17. Qa4 Bc5 18. Rd2 Bd7 19. c3 Na7 20. Nfd4 Nf4 21. Bf1 Ne6 22. Nxe6 fxe6 23. c4 dxc4 24. Bxc4 Nxb5 25. Rxd7 Bxf2+ 26. Kh1 Bxe1 27. Bxe1 Qc6 28. Qxb5 Qxc4 29. Rxg7+ Kxg7 30. Qe5+ Kh7 0-1

[Event "World Junior U20 Open 2018"]
[Site "Gebze"]
[Date "2018.09.08"]
[Round "5.67"]
[White "Taalaibekov, Tagir"]
[Black "Ozsakallioglu, Okan"]
[Result "0-1"]
[ECO "E69"]
[WhiteElo "2291"]
[BlackElo "1955"]
[Annotator "NA"]
[PlyCount "84"]
[EventDate "2018.09.05"]
[EventType "swiss"]
[EventCountry "TUR"]
[SourceTitle "playchess.com"]
[Source "ChessBase"]
[SourceQuality "1"]
[TimeControl "40/5400+30:1800+30"]

1. d4 Nf6 2. Nf3 g6 3. g3 Bg7 4. Bg2 d6 5. O-O O-O 6. c4 Nbd7 7. Nc3 c6 8. e4 e5 9. h3 Re8 10. Be3 exd4 11. Nxd4 Nc5 12. f3 a5 13. Qd2 a4 14. Rad1 Qa5 15. Nc2 Be6 16. Na3 Qb4 17. Rfe1 Nfd7 18. f4 Bxc4 19. Nxc4 Qxc4 20. Qxd6 a3 21. Bf1 Qb4 22. Nb1 axb2 23. a3 Qxe4 24. Re2 Qf3 25. Bxc5 Nxc5 26. Rg2 Ne4 27. Qd7 Nf6 28. Qd6 Nd5 29. Rd3 Re3 30. Be2 Qe4 31. Nd2 Rxd3 32. Nxe4 b1=Q+ 33. Kh2 Re3 34. Ng5 Rae8 35. Bc4 Re1 36. Rf2 h5 37. Bxd5 cxd5 38. Qxd5 Qf5 39. Qxb7 R1e2 40. Rxe2 Rxe2+ 41. Kh1 Re1+ 42. Kg2 Qc2+ 0-1

[Event "World Junior U20 Open 2018"]
[Site "Gebze"]
[Date "2018.09.08"]
[Round "5.69"]
[White "Cirovic, Miroljub"]
[Black "Dedebas, Emre Emin"]
[Result "1-0"]
[ECO "E16"]
[WhiteElo "2181"]
[BlackElo "2334"]
[Annotator "NA"]
[PlyCount "108"]
[EventDate "2018.09.05"]
[EventType "swiss"]
[EventCountry "TUR"]
[SourceTitle "playchess.com"]
[Source "ChessBase"]
[SourceQuality "1"]
[TimeControl "40/5400+30:1800+30"]

1. d4 Nf6 2. c4 e6 3. Nf3 b6 4. g3 Bb7 5. Bg2 Bb4+ 6. Bd2 a5 7. O-O O-O 8. Nc3 d6 9. Rc1 Nbd7 10. Qc2 {[%emt 0:09:30] E16: Queen's Indian: 4 g3 Bb7 5 Bg2 Bb4+} (10. Bg5 Bxc3 11. Rxc3 h6 12. Bxf6 Nxf6 13. Nd2 Bxg2 14. Kxg2 e5 15. dxe5 dxe5 16. Qc2 Qd7 17. Ne4 Qc6 {½-½ (41) Stupak,K (2564)-Sasikiran,K (2666) Yerevan 2018}) 10... Re8 11. Rfd1 Qc8 $146 ({Predecessor:} 11... h6 12. Bf4 Bxc3 13. Qxc3 Qe7 14. b3 Ra7 15. Be3 Ng4 16. Bd2 Ngf6 17. Be3 Ng4 18. Bd2 Ngf6 19. Be3 Ng4 {½-½ (19) Simantsev,M (2451)-Balashov,Y (2429) Moscow 2014}) 12. d5 Nc5 13. a3 Bxc3 14. Bxc3 Nce4 15. Bxf6 Nxf6 16. Nd4 e5 17. Nb5 a4 18. Nc3 Qd7 19. e4 Ra5 20. Bf1 Rea8 21. Qd2 Rc5 22. f3 Qe8 {[%emt 0:04:30] [#]} 23. Nxa4 $16 Qxa4 24. b4 Qxa3 25. bxc5 Qxf3 26. Bg2 Qb3 27. cxd6 cxd6 28. Qc3 Qxc3 29. Rxc3 Nd7 30. Rb1 Nc5 31. Rcc1 Ra6 32. Ra1 Nb3 33. Rxa6 Bxa6 34. Rb1 Bxc4 35. Bf1 b5 36. Bxc4 bxc4 37. Rb2 f5 38. Rc2 fxe4 39. Rxc4 Nd4 40. Kf2 Nf5 41. Rc6 h5 42. h3 e3+ 43. Ke1 Nxg3 44. Rxd6 Kf7 45. Re6 e4 46. Re5 Kf6 47. d6 Kxe5 48. d7 Kf4 49. d8=Q g5 50. Qd6+ Kf3 51. Qf6+ Kg2 52. Qxg5 Kxh3 53. Qxe3 h4 54. Qg5 e3 1-0

[Event "World Junior U20 Open 2018"]
[Site "Gebze"]
[Date "2018.09.08"]
[Round "5.70"]
[White "Urazayev, Arystanbek"]
[Black "Sezdbekov, Ruslan"]
[Result "1-0"]
[ECO "C42"]
[WhiteElo "2333"]
[BlackElo "2160"]
[Annotator "NA"]
[PlyCount "73"]
[EventDate "2018.09.05"]
[EventType "swiss"]
[EventCountry "TUR"]
[SourceTitle "playchess.com"]
[Source "ChessBase"]
[SourceQuality "1"]
[TimeControl "40/5400+30:1800+30"]

1. e4 e5 2. Nf3 Nf6 3. Nxe5 d6 4. Nf3 Nxe4 5. d4 d5 6. Bd3 Bd6 7. O-O O-O 8. c4 c6 9. Nc3 Nxc3 10. bxc3 Bg4 11. h3 Bh5 12. Rb1 dxc4 13. Bxc4 Nd7 14. Rxb7 Nb6 15. Ba6 Re8 16. c4 $16 Bc7 17. Ba3 Re6 18. d5 cxd5 19. cxd5 Rf6 20. g4 Nxd5 21. Bc4 Nb6 22. Qxd8+ Bxd8 23. Re1 h6 24. Re8+ Kh7 25. Ne5 Nxc4 26. Nxc4 Bg6 27. Rd7 Rc6 28. Nd6 Rc3 29. Bb4 Rc1+ 30. Kg2 a5 31. Bxa5 Rxa5 32. Rdxd8 Bd3 33. Nxf7 Bf1+ 34. Kg3 Rc3+ 35. f3 Rcc5 36. Rd6 g5 37. Re7 1-0

[Event "World Junior U20 Open 2018"]
[Site "Gebze"]
[Date "2018.09.08"]
[Round "5.72"]
[White "Tifferet, Shaked"]
[Black "Ongut, Tamas Gunes"]
[Result "1/2-1/2"]
[ECO "A07"]
[WhiteElo "2299"]
[BlackElo "2121"]
[Annotator "NA"]
[PlyCount "147"]
[EventDate "2018.09.05"]
[EventType "swiss"]
[EventCountry "TUR"]
[SourceTitle "playchess.com"]
[Source "ChessBase"]
[SourceQuality "1"]
[TimeControl "40/5400+30:1800+30"]

1. Nf3 d5 2. g3 Nc6 3. Bg2 e5 4. d3 f6 5. a3 Be6 6. b4 Qd7 7. Nbd2 g5 8. Bb2 h5 9. h4 g4 10. Ng1 a5 11. b5 Nd8 12. e3 Qxb5 13. Rb1 Qd7 14. Ne2 Nf7 15. O-O Ne7 16. c4 c6 17. d4 dxc4 18. Qc2 Bg7 19. dxe5 fxe5 20. Nxc4 Qc7 21. a4 O-O 22. Ba3 Rfe8 23. Bc5 Nd5 24. Rfc1 Nf6 25. Bb6 Qc8 26. Nxa5 Bf5 27. e4 Bg6 28. Nc4 Bh6 29. Rd1 Qe6 30. a5 Nd7 31. Nc1 Nxb6 32. Rxb6 Qe7 33. Nd3 Bg7 34. Qb3 Ra7 35. Rb1 Rd8 36. Nb4 Qc7 37. a6 Bf8 38. axb7 Rxb7 39. Rxb7 Qxb7 40. Nxe5 Qxb4 41. Qxb4 Bxb4 42. Nxg6 Bd6 43. Rc1 c5 44. Nf4 Ne5 45. Nxh5 Nd3 46. Rc2 Be5 47. Bf1 Ne1 48. Rc1 Nf3+ 49. Kg2 Rd2 50. Bc4+ Kh7 51. Be6 Bd4 52. Rf1 Kh6 53. Bxg4 Ne5 54. Kh3 Nd3 55. Kg2 (55. e5 $11 Nxf2+ 56. Rxf2 Rxf2 57. e6) 55... Nxf2 56. Kf3 Nd3 57. e5 Nxe5+ 58. Kf4 Bb2 59. Nf6 Rd4+ 60. Kf5 Nc4 61. Re1 Rd6 62. Re6 Rxe6 63. Kxe6 Bxf6 64. Kxf6 Ne3 65. Be2 Ng2 66. h5 Ne3 67. Ke5 $11 Kg5 68. g4 c4 69. Kd4 Nxg4 70. Bxg4 c3 71. Kxc3 Kh6 72. Kd4 Kg7 73. Ke5 Kh8 74. Ke4 1/2-1/2

[Event "World Junior U20 Open 2018"]
[Site "Gebze"]
[Date "2018.09.08"]
[Round "5.73"]
[White "Cansun, Can Alp"]
[Black "Cadilhac, Igor Tokuichi Kikuc"]
[Result "0-1"]
[ECO "B34"]
[WhiteElo "2110"]
[BlackElo "2286"]
[Annotator "ChessBase"]
[PlyCount "96"]
[EventDate "2018.09.05"]
[EventType "swiss"]
[EventCountry "TUR"]
[SourceTitle "playchess.com"]
[Source "ChessBase"]
[SourceQuality "1"]
[TimeControl "40/5400+30:1800+30"]

1. e4 c5 2. Nf3 g6 3. d4 cxd4 4. Nxd4 Nc6 5. Nc3 Bg7 6. Be3 Nf6 7. Nxc6 bxc6 8. e5 Ng8 9. Bd4 Qc7 10. e6 Nf6 11. exd7+ Bxd7 12. Be2 O-O 13. O-O Rfd8 14. Bc5 Bf5 15. Qc1 Nd5 16. Bf3 Nxc3 17. bxc3 Bxc3 18. Rb1 Rd2 19. Qa3 Be5 20. h3 Rxc2 21. Bxe7 Rc3 22. Rb3 Rc2 23. Bd1 Rd2 24. Bb4 Bh2+ 25. Kh1 Bd6 26. Bf3 Bxb4 27. Rxb4 Re8 28. Rb2 Rxb2 29. Qxb2 c5 30. Rc1 Be6 31. Qb5 Rc8 32. a4 c4 33. Rc3 Rb8 34. Qg5 Rb1+ 35. Rc1 Rxc1+ 36. Qxc1 c3 37. Be4 Bb3 38. Bc2 Bxc2 39. Qxc2 Qc4 40. Kg1 h5 41. g3 Kh7 42. Kg2 Qb4 43. Qa2 Qe4+ 44. f3 Qe6 45. Qc2 Qe3 46. Qb3 Kg7 47. h4 Qe2+ 48. Kh3 Qe6+ 0-1

[Event "World Junior U20 Open 2018"]
[Site "Gebze"]
[Date "2018.09.08"]
[Round "5.74"]
[White "Lin, Peisen"]
[Black "Akdogan, Alperen"]
[Result "1-0"]
[ECO "B04"]
[WhiteElo "2034"]
[BlackElo "2278"]
[Annotator "NA"]
[PlyCount "97"]
[EventDate "2018.09.05"]
[EventType "swiss"]
[EventCountry "TUR"]
[SourceTitle "playchess.com"]
[Source "ChessBase"]
[SourceQuality "1"]
[TimeControl "40/5400+30:1800+30"]

1. e4 Nf6 2. e5 Nd5 3. d4 d6 4. Nf3 g6 5. Bc4 Nb6 6. Bb3 Bg7 7. a4 a5 8. O-O O-O 9. h3 Na6 {[%emt 0:07:30] B04: Alekhine's Defence: 4 Nf3} (9... dxe5 10. Nxe5 N8d7 11. Nxd7 Bxd7 12. Re1 e6 13. c3 Bc6 14. Nd2 Re8 15. Nf3 Bxf3 16. Qxf3 c6 17. Bf4 {½-½ (37) Kasparov,S (2470)-Berkes,F (2640) Paracin 2016}) 10. Be3 c6 11. Nc3 d5 12. Qe2 $146 ({Predecessor:} 12. Qd2 Nc7 13. Bh6 Ne6 14. Rad1 f5 15. exf6 exf6 16. Rfe1 Qd6 17. Ne2 {½-½ (48) Lendwai,R (2410)-Roehrl,K (2255) Austria 1992}) 12... Nb4 13. Rad1 Kh8 14. Nh2 Be6 15. Nb1 Nc4 16. c3 Nxe3 17. Qxe3 Na6 18. Rd2 Qb6 19. Bc2 c5 20. f4 Rac8 21. Nf3 f6 22. g4 cxd4 23. cxd4 Nb4 24. Bd1 Bg8 25. Nc3 fxe5 26. fxe5 Nc6 27. Nb5 Nd8 28. Bb3 Nc6 29. Bc2 Nb4 30. Bb1 Rf7 $11 31. Rdf2 Rcf8 32. Kg2 Rf4 33. Kg3 R4f7 34. h4 Na6 35. Rh1 Nc7 36. Nxc7 Qxc7 37. h5 gxh5 38. Rxh5 Qc4 39. b3 Qb4 40. Qd3 h6 41. g5 Qb6 42. Qg6 Qxb3 43. Bd3 Qd1 44. Kg2 Rc8 45. e6 Rc6 46. Rxh6+ Bxh6 47. Qxh6+ Rh7 48. Bxh7 Bxh7 49. g6 1-0

[Event "World Junior U20 Open 2018"]
[Site "Gebze"]
[Date "2018.09.08"]
[Round "5.75"]
[White "Beukema, Christiaan"]
[Black "Kara, Yanki"]
[Result "0-1"]
[ECO "B06"]
[WhiteElo "1904"]
[BlackElo "2262"]
[Annotator "NA"]
[PlyCount "64"]
[EventDate "2018.09.05"]
[EventType "swiss"]
[EventCountry "TUR"]
[SourceTitle "playchess.com"]
[Source "ChessBase"]
[SourceQuality "1"]
[TimeControl "40/5400+30:1800+30"]

1. e4 g6 2. d4 Bg7 3. Nc3 d6 4. Nf3 a6 5. a4 b6 6. Bc4 e6 7. O-O Nd7 8. Re1 h6 9. Bf4 Ne7 10. Qd2 Bb7 11. d5 e5 12. Be3 f5 13. exf5 gxf5 14. Qe2 Ng6 15. Nd2 Nf6 16. f4 e4 17. Nb3 Bc8 18. Nd4 Ng4 19. Rad1 Bxd4 20. Bxd4 O-O 21. g3 Kh7 22. Qg2 Rg8 23. Nxe4 fxe4 24. Qxe4 Nf6 25. Bxf6 Qxf6 26. Bd3 Bg4 27. f5 Ne5 28. Be2 Qxf5 29. Bxg4 Qxe4 30. Rxe4 Rxg4 31. Rxg4 Nxg4 32. Rd4 Ne5 0-1

[Event "World Junior U20 Open 2018"]
[Site "Gebze"]
[Date "2018.09.08"]
[Round "5.76"]
[White "Fleri, Matthew"]
[Black "Yilmaz, Goktan"]
[Result "0-1"]
[ECO "B22"]
[WhiteElo "1625"]
[BlackElo "2237"]
[Annotator "NA"]
[PlyCount "102"]
[EventDate "2018.09.05"]
[EventType "swiss"]
[EventCountry "TUR"]
[SourceTitle "playchess.com"]
[Source "ChessBase"]
[SourceQuality "1"]
[TimeControl "40/5400+30:1800+30"]

1. e4 c5 2. c3 Nf6 3. e5 Nd5 4. d4 cxd4 5. Nf3 Nc6 6. cxd4 d6 7. Bc4 Nb6 8. Bb3 dxe5 9. dxe5 Qxd1+ 10. Bxd1 g6 {[%emt 0:00:30] B22: Sicilian: 2 c3} 11. O-O Bg7 12. Re1 O-O 13. b3 Rd8 $146 ({Predecessor:} 13... Nd5 14. Bb2 Ndb4 15. Bc3 Rd8 16. Na3 Nd3 17. Re4 Bf5 18. Re3 Bh6 19. Re2 Nc1 20. Re1 Rxd1 {0-1 (20) Simon,C (1960)-Lanka,Z (2451) Kiel 2014}) 14. Nc3 Bg4 15. Bf4 Nb4 16. Bg3 Nd3 17. Rf1 Rac8 18. Nb5 Rc5 19. Nbd4 Bxf3 20. Nxf3 Nxe5 21. Nxe5 Bxe5 22. Bxe5 Rxe5 23. Bf3 Nd5 24. Rfe1 Rxe1+ 25. Rxe1 e6 26. Kf1 Kf8 27. Rc1 Ke7 28. g3 Kd7 29. Ke2 Rc8 30. Rxc8 Kxc8 31. a3 Kc7 32. Kd3 Kd6 33. Kc4 b6 34. Bg2 g5 35. Bf3 f5 36. Bg2 Nc7 37. Bh1 e5 38. a4 e4 39. Bg2 (39. g4 $142) 39... Ke5 $19 40. Kc3 f4 41. Kd2 Kd4 42. Bf1 Nd5 43. Bc4 Nf6 44. Be6 h5 45. h3 h4 46. gxh4 gxh4 47. Bc4 a5 48. Ke2 Nd5 49. Kd2 f3 50. Bb5 Nf4 51. Bf1 Nd3 0-1

[Event "World Junior U20 Open 2018"]
[Site "Gebze"]
[Date "2018.09.08"]
[Round "5.77"]
[White "Samani, Yamac"]
[Black "Helander, Benjamin"]
[Result "1-0"]
[ECO "C00"]
[WhiteElo "2226"]
[BlackElo "1994"]
[Annotator "NA"]
[PlyCount "56"]
[EventDate "2018.09.05"]
[EventType "swiss"]
[EventCountry "TUR"]
[SourceTitle "playchess.com"]
[Source "ChessBase"]
[SourceQuality "1"]
[TimeControl "40/5400+30:1800+30"]

1. e4 e6 2. d3 d5 3. Qe2 Nf6 4. Nf3 Be7 5. g3 c5 6. Bg2 Nc6 7. O-O O-O 8. e5 Nd7 9. c4 d4 10. h4 Rb8 11. Bf4 b5 12. b3 Qc7 13. Nbd2 a5 14. Rfe1 a4 15. Ne4 axb3 16. axb3 bxc4 17. bxc4 Bb7 18. h5 Ra8 19. Rab1 Rfb8 20. h6 g6 21. Nd6 Bc8 22. Rxb8 Rxb8 23. Ng5 Bxd6 24. exd6 Qb6 25. Nxf7 Nf6 26. Ne5 Nxe5 27. Qxe5 Qd8 28. d7 Ra8 1-0

[Event "World Junior U20 Open 2018"]
[Site "Gebze"]
[Date "2018.09.08"]
[Round "5.78"]
[White "Tasdogen, Dincer"]
[Black "Nurgaliyev, Sauat"]
[Result "1-0"]
[ECO "C49"]
[WhiteElo "2329"]
[BlackElo "1685"]
[Annotator "NA"]
[PlyCount "95"]
[EventDate "2018.09.05"]
[EventType "swiss"]
[EventCountry "TUR"]
[SourceTitle "playchess.com"]
[Source "ChessBase"]
[SourceQuality "1"]
[TimeControl "40/5400+30:1800+30"]

1. e4 e5 2. Nf3 Nc6 3. Nc3 Nf6 4. Bb5 Bb4 5. O-O O-O 6. d3 d6 7. Bg5 Be6 8. Ne2 Bg4 9. c3 Ba5 10. Ng3 h6 11. Be3 Ne7 12. h3 Be6 13. d4 Ng6 14. a4 c6 15. Bd3 Bc7 16. c4 exd4 17. Nxd4 Ne5 18. Rc1 Nfd7 19. Be2 Qh4 20. Kh2 Nf6 21. Nxe6 fxe6 22. f4 Nfd7 23. fxe5 Nxe5 24. Rxf8+ Rxf8 25. Qe1 d5 26. cxd5 exd5 27. exd5 Bb8 28. dxc6 bxc6 29. Kh1 g5 30. Nh5 Qxa4 31. Qc3 Qe4 32. Qb3+ Kh8 33. Qe6 Kh7 34. Qe7+ Rf7 35. Qxf7+ Nxf7 36. Nf6+ Kg7 37. Nxe4 Ne5 38. Bd4 Kg6 39. Bxe5 Bxe5 40. Bg4 h5 41. Rxc6+ Kg7 42. Bf5 Bxb2 43. Rc7+ Kf8 44. Nxg5 a5 45. Ne6+ Kg8 46. Bg6 Bf6 47. Rc8+ Bd8 48. Rxd8# 1-0

[Event "World Junior U20 Open 2018"]
[Site "Gebze"]
[Date "2018.09.08"]
[Round "5.79"]
[White "Noboa, Kevin"]
[Black "Maltezeanu, Stefan"]
[Result "1-0"]
[ECO "D93"]
[WhiteElo "2256"]
[BlackElo "2089"]
[Annotator "NA"]
[PlyCount "77"]
[EventDate "2018.09.05"]
[EventType "swiss"]
[EventCountry "TUR"]
[SourceTitle "playchess.com"]
[Source "ChessBase"]
[SourceQuality "1"]
[TimeControl "40/5400+30:1800+30"]

1. d4 Nf6 2. c4 g6 3. Nc3 Bg7 4. Nf3 O-O 5. Bf4 d5 6. Rc1 c6 7. e3 Bf5 8. Be2 dxc4 9. Bxc4 Nbd7 10. h3 Nb6 11. Bb3 Nbd5 12. Be5 $14 Qd7 13. O-O Rac8 14. Na4 b6 15. Qe2 Nb4 16. Rfd1 Be6 17. Bxe6 Qxe6 18. a3 Qb3 19. Nc3 Nbd5 20. e4 Nxc3 21. Rxc3 Qa4 22. Bxf6 Bxf6 23. Rdc1 Rfd8 24. e5 Bg7 25. Qc4 Qxc4 26. Rxc4 f6 27. Rxc6 Rxc6 28. Rxc6 fxe5 29. dxe5 Rd1+ 30. Kh2 h6 31. Rc7 Rb1 32. b4 a5 33. bxa5 bxa5 34. Rxe7 Rb3 35. e6 Kf8 36. Rf7+ Kg8 37. Ra7 Rb6 38. Ra8+ Kh7 39. e7 1-0

[Event "World Junior U20 Open 2018"]
[Site "Gebze"]
[Date "2018.09.08"]
[Round "5.80"]
[White "Kwon, Sehyun"]
[Black "Tuna, Alp"]
[Result "1-0"]
[ECO "B51"]
[WhiteElo "2129"]
[BlackElo "2253"]
[Annotator "NA"]
[PlyCount "54"]
[EventDate "2018.09.05"]
[EventType "swiss"]
[EventCountry "TUR"]
[SourceTitle "playchess.com"]
[Source "ChessBase"]
[SourceQuality "1"]
[TimeControl "40/5400+30:1800+30"]

1. e4 c5 2. Nf3 d6 3. Bb5+ Nc6 4. Bxc6+ bxc6 5. O-O e5 6. c3 Be7 7. d4 f5 8. dxe5 fxe4 9. exd6 Bxd6 10. Re1 Nf6 11. Nbd2 Bf5 12. Qb3 Qc7 13. h3 Kf8 14. Nh4 Bg6 15. Nc4 Bh2+ 16. Kh1 Rb8 $18 17. Qa3 Rb5 18. Be3 Kf7 19. Bxc5 Rd8 20. Rad1 Nd5 21. Nxg6 hxg6 22. Rxe4 Nf6 23. Re7+ Qxe7 24. Bxe7 Rxd1+ 25. Kxh2 Ke6 26. Bxf6 gxf6 27. Qxa7 Kd5 1-0

[Event "World Junior U20 Open 2018"]
[Site "Gebze"]
[Date "2018.09.08"]
[Round "5.81"]
[White "Caglar, Ahmet Ata"]
[Black "Dionizio, Andre Filipe Nascim"]
[Result "1-0"]
[ECO "D74"]
[WhiteElo "2071"]
[BlackElo "2010"]
[Annotator "NA"]
[PlyCount "83"]
[EventDate "2018.09.05"]
[EventType "swiss"]
[EventCountry "TUR"]
[SourceTitle "playchess.com"]
[Source "ChessBase"]
[SourceQuality "1"]
[TimeControl "40/5400+30:1800+30"]

1. Nf3 d5 2. c4 Nf6 3. cxd5 Nxd5 4. g3 g6 5. Bg2 Bg7 6. O-O O-O 7. d4 c6 8. e4 Nf6 9. Nc3 Bg4 10. h3 Bxf3 11. Bxf3 Qd7 12. Bg2 Rd8 13. Be3 Na6 14. Qe2 Rac8 15. Rfd1 e6 16. Rd2 Qe7 17. Rad1 Nc7 18. Na4 Nd7 19. h4 h6 20. Rd3 Ne8 21. Qd2 Kh7 22. b3 f5 23. Nc5 b6 24. Nb7 Ne5 25. Nxd8 Nxd3 26. Nxc6 Rxc6 27. Qxd3 Rc8 28. exf5 exf5 29. h5 Qf6 30. hxg6+ Qxg6 31. Bf4 Rd8 32. d5 Nd6 33. Re1 Bf8 34. Re6 Qf7 35. Qe3 h5 36. Be5 Ne8 37. Qg5 Rd7 38. Bh3 Ng7 39. Bxg7 Bxg7 40. Bxf5+ Kg8 41. Bg6 Qf3 42. Re8+ 1-0